[Event "CHN-ch Rapid Women 2018"]
[Site "Shenzhen"]
[Date "2018.06.06"]
[Round "4"]
[White "Ren, Xiaoyi"]
[Black "Wang, Jue"]
[Result "1/2-1/2"]
[ECO "D39"]
[WhiteElo "2266"]
[BlackElo "2380"]
[Annotator "RC"]
[PlyCount "275"]
[EventDate "2018.??.??"]
[EventType "rapid"]
[EventCountry "CHN"]
[SourceTitle "playchess.com"]
[Source "ChessBase"]
[SourceQuality "1"]
[TimeControl "900+10"]

1. d4 d5 2. Nf3 Nf6 3. c4 e6 4. Bg5 Bb4+ 5. Nc3 dxc4 6. Bxf6 Qxf6 7. e4 c5 8. Bxc4 cxd4 9. Qxd4 Qxd4 10. Nxd4 O-O 11. Rc1 Rd8 12. Nf3 Nc6 13. Ke2 Nd4+ 14. Nxd4 Rxd4 15. Bd3 Bd7 16. a3 Be7 17. Rhd1 Bg5 18. Rb1 Rd8 19. Bc2 Bb5+ 20. Nxb5 Rd2+ 21. Ke1 Rxc2 22. f4 Be7 23. Rxd8+ Bxd8 24. Rd1 Bb6 25. Rd2 Rc1+ 26. Ke2 Rh1 27. Nxa7 Rxh2 28. Kf3 h5 29. Nc8 Bc5 30. b4 Bf8 31. Rd8 f6 32. Nb6 Kf7 33. Rd7+ Kg6 34. Rxb7 Rh1 35. Nd7 Bd6 36. e5 fxe5 37. fxe5 Be7 38. a4 Kf5 39. a5 Ra1 40. Nb8 Ra3+ 41. Ke2 Ra2+ 42. Kd3 Bxb4 43. Rxb4 Rxa5 44. Rh4 g6 45. Nc6 Ra2 46. Rh2 Kg4 47. Nd4 Kg3 48. Rh1 Kxg2 49. Re1 Kf2 50. Rd1 Ra3+ 51. Ke4 Re3+ 52. Kf4 g5+ 53. Kxg5 Rxe5+ 54. Kf4 Ra5 55. Rd2+ Kf1 56. Nf3 Ra4+ 57. Kg3 Rg4+ 58. Kh3 Rf4 59. Ng5 Ke1 60. Rd6 Rg4 61. Rxe6+ Kf2 62. Rf6+ Ke3 63. Nf7 Rf4 64. Re6+ Kd4 65. Ng5 h4 66. Re1 Kd3 67. Ne6 Rc4 68. Ng5 Rf4 69. Re8 Kd2 70. Re7 Kd3 71. Re6 Kd2 72. Re7 Kd3 73. Re5 Kd2 74. Ne6 Rc4 75. Ng7 Kd3 76. Nf5 Re4 77. Ra5 Kc3 78. Nxh4 Kb4 79. Rd5 Kc4 80. Rd8 Rd4 81. Rc8+ Kd3 82. Nf3 Re4 83. Kg3 Re3 84. Rd8+ Ke4 85. Rf8 Kd3 86. Rf5 Ke4 87. Rf4+ Kd3 88. Ra4 Ke2 89. Kg2 Re8 90. Nd4+ Kd3 91. Nf5 Re5 92. Ng3 Re8 93. Ra3+ Kd4 94. Kf3 Rf8+ 95. Ke2 Re8+ 96. Kd2 Rb8 97. Ne2+ Ke4 98. Ra4+ Kd5 99. Kd3 Rg8 100. Ra5+ Kc6 101. Kc4 Kd6 102. Nd4 Rc8+ 103. Kd3 Rg8 104. Ra6+ Kd5 105. Ra5+ Kd6 106. Nf5+ Ke6 107. Ne3 Rh8 108. Ke4 Rh4+ 109. Kf3 Rb4 110. Nf5 Rb1 111. Ke4 Re1+ 112. Ne3 Kd6 113. Kd4 Rc1 114. Ra6+ Kd7 115. Kd5 Kc7 116. Nc4 Rd1+ 117. Kc5 Kb7 118. Rh6 Kc7 119. Rc6+ Kd7 120. Nb6+ Ke7 121. Nd5+ Kf7 122. Rh6 Kg7 123. Re6 Kf7 124. Kd6 Rd2 125. Re7+ Kg6 126. Re5 Kf7 127. Rf5+ Kg6 128. Rf3 Kg5 129. Ke5 Kg4 130. Rf4+ Kg3 131. Ne3 Rf2 132. Nf1+ Kg2 133. Ne3+ Kg3 134. Nf5+ Kg2 135. Rg4+ Kf3 136. Rg3+ Ke2 137. Ke4 Kd2 138. Ke5 1/2-1/2

[Event "CHN-ch Rapid Women 2018"]
[Site "Shenzhen"]
[Date "2018.06.06"]
[Round "4"]
[White "Liu, Hongyan"]
[Black "Li, Yunshan"]
[Result "1-0"]
[ECO "D02"]
[WhiteElo "2079"]
[BlackElo "2130"]
[Annotator "NA RC"]
[PlyCount "85"]
[EventDate "2018.??.??"]
[EventType "rapid"]
[EventCountry "CHN"]
[SourceTitle "playchess.com"]
[Source "ChessBase"]
[SourceQuality "1"]
[TimeControl "900+10"]

1. d4 Nf6 2. Nf3 g6 3. Bf4 Bg7 4. h3 d5 5. e3 O-O 6. Be2 c5 7. c3 b6 8. O-O Bb7 9. a4 Nc6 10. Bh2 e6 11. Na3 Ne4 12. Nd2 Nd6 13. dxc5 bxc5 14. Nb3 Ne4 15. f3 Nf6 16. Nxc5 Qb6 17. b4 Bc8 18. Nb5 e5 19. a5 Qd8 20. Kh1 Bh6 21. f4 exf4 22. exf4 Bf5 23. Bf3 Ne4 24. Nxe4 dxe4 25. Be2 Bg7 26. Qb3 Qd2 27. Qc4 Rac8 28. Rad1 Qe3 29. Bg1 Qg3 30. Bf2 Qxf4 31. Bc5 Qg3 32. Bf2 Qg5 33. Nd6 Ne5 34. Qb3 Rc7 35. c4 Be6 36. Nxe4 Qh6 37. Nc5 Bf5 38. Qg3 Rfc8 39. Be3 g5 40. Rxf5 Nc6 41. Rxg5 Nxb4 42. Rg4 Qf6 43. Bd4 1-0